[Event "*** Titled Tuesday Blitz"]
[Site "Chess.com"]
[Date "2020.12.01"]
[Round "5"]
[White "scarabee43"]
[Black "Rsnr"]
[Result "0-1"]
[WhiteElo "2565"]
[BlackElo "2779"]
[TimeControl "180+1"]
[EndTime "10:55:49 PST"]
[Termination "Rsnr won by resignation"]

1. Nf3 d5 2. e3 Nf6 3. c4 c6 4.
Nc3 e6 5. b3 Bd6 6. Bb2 O-O 7.
d4 Nbd7 8. Be2 b6 9. O-O Bb7 10. Qc2 dxc4 11. bxc4 e5 12. Rad1 Qe7 13. Rfe1 Rfe8 14.
Bf1 e4 15. Nd2 Ng4 16. h3 Bh2+ 17. Kh1 f5 18. Ndxe4 fxe4 19. Qe2 Nxf2+ 20. Qxf2 Bc7 21. Be2 Nf6 22. Rf1 Rf8 23. Qg1 Bg3 24. d5 cxd5 25.
Nxd5 Nxd5 26. cxd5 Bd6 27. Bg4 Qg5 28. Be6+ Kh8 29.
Bd4 Qg3 30. Rf5 Ba6 31. Rc1 Be2 32. Rc6 Rxf5 33. Bxf5 Rf8 34. Rc8 Rxc8 35. Bxc8 Bf3 36.
Bc3 Be2 37. Be1 Qe5 38. Be6 h6 39. Bf2 Bc4 40. Be1 Bxd5 41. Bxd5 Qxd5 42. Qf2 Qe5 43.
g4 Kh7 44. Kg2 Qe6 45. Bc3 Bc5 46. Ba1 Kg8 47. Qb2 Qf7 48. Qe2 g5 49. Kg1 Kf8 50. Kh2 Ke7 51. Bd4 Qd5 52. Bxc5+ bxc5 53. Qa6 Qd6+ 54. Qxd6+ Kxd6 55. Kg3 Kd5 56. Kf2 Kc4 57. Ke2 Kc3 58. Kd1 Kb2 59. Kd2 c4 0-1

[Event "*** Titled Tuesday Blitz"]
[Site "Chess.com"]
[Date "2020.12.01"]
[Round "5"]
[White "Zmeeed63"]
[Black "1977Ivan"]
[Result "0-1"]
[WhiteElo "2415"]
[BlackElo "2677"]
[TimeControl "180+1"]
[EndTime "10:55:49 PST"]
[Termination "1977Ivan won on time"]

1. d4 Nf6 2. c4 e6 3. Nc3 Bb4 4. f3 Nc6 5. e4 d5 6. e5 Ng8 7. cxd5 exd5 8. a3 Ba5 9. Bb5 Ne7 10. Bg5 O-O 11. Ne2 Bb6 12. Qd2 h6 13. Bh4 g5 14. Bf2 f6 15. h4 a6 16. Bxc6 Nxc6 17. hxg5 fxe5 18. Rxh6 Qe8 19. Nxd5 Bf5 20. Nf6+ Rxf6 21.
gxf6 Kf7 22. Qg5 Qf8 23. O-O-O Nxd4 24. Nxd4 Bxd4 25. Bxd4 exd4 26. Qxf5 Qxh6+ 27. Kb1 Qxf6 28. Qxf6+ Kxf6 29. Rxd4 Rg8 30. g4 Rg7 31. Rf4+ Ke5 32. Re4+ Kd5 33. Kc2 Rf7 34. Re3 Kd4 35. Rd3+ Ke5 36. b4 Kf4 37. Kc3 Re7 38. Kc4 Re6 39. Kc3 Rc6+ 40. Kd2 Rh6 41. Kc3 Rc6+ 42. Kd2 Re6 43. Kc3 b6 44. a4 c6 45. Kb3 b5 46.
axb5 cxb5 47. Kc3 Rc6+ 48. Kb3 Rc4 49. Rd6 Kxf3 50. Rxa6 Rxg4 51. Rb6 Rg5 52. Kc3 Ke4 53. Re6+ Kd5 54. Rb6 Rg3+ 0-1

[Event "*** Titled Tuesday Blitz"]
[Site "Chess.com"]
[Date "2020.12.01"]
[Round "5"]
[White "Sergey85Rodchenkov"]
[Black "PawnEatingZombie"]
[Result "1-0"]
[WhiteElo "2454"]
[BlackElo "2177"]
[TimeControl "180+1"]
[EndTime "10:55:49 PST"]
[Termination "Sergey85Rodchenkov won on time"]

1. e4 c6 2. d4 d5 3. exd5 cxd5 4. c4 Nf6 5. Nc3 g6 6. Qb3 Bg7 7. cxd5 O-O 8. Be2 Nbd7 9. Bf3 Nb6 10. Bg5 a5 11. a4 Bf5 12. Rd1 Qd6 13. Nge2 Qb4 14.
Qa2 Bc2 15. Rc1 Bb3 16. Qa1 Nfxd5 17. O-O Nxc3 18. bxc3 Qxa4 19. Bxb7 Rab8 20. Bf3 e6 21. h4 Rfc8 22. Bf4 e5 23. dxe5 Be6 24. Nd4 Qxa1 25.
Rxa1 Rxc3 26. Nxe6 fxe6 27. Rxa5 Rf8 28. Bg3 Rcxf3 29.
gxf3 Nc4 30. Ra6 Nd2 31. Rd1 Nxf3+ 32. Kg2 Nxe5 33. Rxe6 Ng4 34. Rd7 Bf6 35. Ra6 Rf7 36. Raa7 Rxd7 37. Rxd7 Nh6 38. Rb7 Nf5 39. Kh3 h5 40.
Ra7 Kf8 41. Ra4 Kf7 42. Kg2 Kg7 43. Kf3 Kf7 44. Kg2 Kg7 45. f3 Kf7 46. Bf2 Kg7 47. Kf1 Kf7 48. Ke2 Kg7 49. Re4 Kf7 50. Kd3 Kg7 51.
Kc2 Kf7 52. Kb3 Kg7 53. Kb4 Kf7 54. Ka5 Kg7 55. Ra4 Kf7 56. Kb6 Kg7 57. Kc6 Kf7 58.
Kd5 Ne7+ 59. Ke4 Nf5 60. Ra7+ Kf8 61. Kd5 Bxh4 62. Bc5+ Kg8 63. Ke6 1-0

[Event "*** Titled Tuesday Blitz"]
[Site "Chess.com"]
[Date "2020.12.01"]
[Round "5"]
[White "chesstatour"]
[Black "KononenkoD"]
[Result "0-1"]
[WhiteElo "1988"]
[BlackElo "2366"]
[TimeControl "180+1"]
[EndTime "10:55:49 PST"]
[Termination "KononenkoD won on time"]

1. c4 c5 2. Nc3 Nc6 3. Nf3 g6 4. d4 cxd4 5. Nxd4 Bg7 6. Nc2 f5 7. g3 Nf6 8. Bg2 O-O 9. O-O Kh8 10. h3 b6 11. Be3 Bb7 12. Rb1 e5 13. Bg5 Qe8 14. Qd2 Rc8 15. b3 e4 16. Bh6 Ne5 17.
Bxg7+ Kxg7 18. Ne3 h6 19. Ncd5 Nxd5 20. Nxd5 Bxd5 21.
Qxd5 Qe6 22. Rfd1 Qxd5 23. Rxd5 Rc5 24. Rbd1 Rfc8 25. f4 exf3 26. exf3 Rxd5 27. Rxd5 Rc5 28. Rd2 Rc7 29. f4 Nc6 30. Bxc6 dxc6 31. Rd6 c5 32.
Kf2 Re7 33. Kf3 Kf7 34. g4 fxg4+ 35. hxg4 Re6 36. Rd7+ Re7 37. Rd5 Re1 38. f5 gxf5 39. Rxf5+ Kg6 40. Rd5 Ra1 41. Rd2 Kf6 42. Ke4 Ke6 43.
Kf4 Rf1+ 44. Ke4 Kf6 45. Rh2 Kg5 46. Rh5+ Kg6 47. Rd5 Rf2 48. a4 Rb2 49. Rd3 Kg5 50. Kf3 Kh4 51. Kf4 Rf2+ 52. Ke5 Kxg4 53. Kd6 Rf7 54.
Ke6 Rh7 55. a5 h5 56. axb6 axb6 57. Kd6 Rh6+ 58. Kc7 h4 59. Rd8 h3 60. Rg8+ Kf3 61. Rf8+ Ke4 62. Re8+ Kd4 0-1

[Event "*** Titled Tuesday Blitz"]
[Site "Chess.com"]
[Date "2020.12.01"]
[Round "5"]
[White "Klavdia_Nik"]
[Black "HElissalt"]
[Result "1-0"]
[WhiteElo "2069"]
[BlackElo "2218"]
[TimeControl "180+1"]
[EndTime "10:55:49 PST"]
[Termination "Klavdia_Nik won by resignation"]

1. Nf3 d5 2. c4 e6 3. b3 Nf6 4.
Bb2 Be7 5. g3 O-O 6. Bg2 b6 7. O-O Bb7 8. d3 dxc4 9. bxc4 c5 10.
Nbd2 Nbd7 11. a4 a5 12. Bc3 Qc7 13. Rb1 Ne8 14. Qb3 Bf6 15. e4 Bxc3 16. Qxc3 Bc6 17. Ra1 e5 18. Rfb1 Qd6 19. Nf1 Nc7 20. Ne3 Ne6 21.
Nd5 Bxd5 22. cxd5 Nd4 23. Nxd4 exd4 24. Qb3 g5 25. Bh3 Rab8 26. Bf5 Ne5 27. Kg2 g4 28. Qc2 h5 29. h4 Kg7 30. Qd2 Qh6 31. Qxh6+ Kxh6 32. Rb3 Rfd8 33. Rab1 Rd6 34. Kf1 Kg7 35. Ke2 Kf6 36. Rb5 c4 37. dxc4 d3+ 38. Ke3 Nxc4+ 39.
Kxd3 Na3 40. Kd4 Nxb1 41. Rxb1 Re8 42. Rc1 Red8 43. Rc7 Kg7 44. Ke3 Kf6 45. f3 gxf3 46. Kxf3 Ke5 47. Rxf7 Kd4 48. g4 b5 49. axb5 Ra8 50.
gxh5 a4 51. Rg7 a3 52. Rg1 a2 53. Ra1 Rb6 54. Kf4 Rxb5 55. e5 Rb6 56. d6 Kd5 57. d7 Rb4+ 58. Kg5 Kxe5 59. h6 Rg8+ 60. Bg6 Rg4+ 61. Kxg4 Rxg6+ 62. Kh5 Rg8 63. Rxa2 1-0

[Event "*** Titled Tuesday Blitz"]
[Site "Chess.com"]
[Date "2020.12.01"]
[Round "5"]
[White "Manukyan_Artak"]
[Black "Zorbos"]
[Result "0-1"]
[WhiteElo "2363"]
[BlackElo "2534"]
[TimeControl "180+1"]
[EndTime "10:55:50 PST"]
[Termination "Zorbos won by resignation"]

1. e4 c5 2. Nf3 d6 3. Bb5+ Nd7 4. O-O a6 5. Bd3 b5 6. c4 Bb7 7. Re1 Ngf6 8. Nc3 b4 9. Nd5 e6 10. Nxf6+ Nxf6 11. Bc2 Be7 12. d3 O-O 13. Bg5 Nd7 14.
Bf4 Qb6 15. Ba4 Rad8 16. Qe2 Bf6 17. Rad1 Ne5 18. Nxe5 dxe5 19. Be3 Be7 20. f3 Qa5 21. b3 f5 22. Kh1 Qc7 23. Bg1 Bd6 24. h3 Rf6 25. g4 Rh6 26. Kg2 Rf8 27. Be3 Rg6 28. Bc1 Qe7 29. Rf1 h5 30. Rde1 Qh4 31. Qf2 Qf6 32.
g5 Qd8 33. h4 Qc7 34. Bb2 f4 35. Kh2 Be7 36. Qg2 Rd8 37. Rc1 Rxd3 38. Rfd1 Rd4 39. Bxd4 exd4 40. Be8 Bxe4 41. fxe4 f3+ 42. Kg1 fxg2 43.
Bxg6 Qg3 44. Rc2 Bd6 45. Rxg2 Qe3+ 46. Kh1 Qh3+ 47. Kg1 Qxh4 48. Rf1 Bf4 49. e5 Be3+ 50. Rff2 Bxf2+ 51. Rxf2 Qg3+ 52. Rg2 Qxe5 53. Be8 Qe3+ 54. Rf2 d3 55. g6 d2 56. Bf7+ Kf8 57. Bxe6+ Qxf2+ 58. Kxf2 d1=Q 59. Bd5 Qa1 60. Bf3 Qxa2+ 61. Kg3 h4+ 62.
Kxh4 Qxb3 63. Kg4 Qe3 64. Bd5 Qe5 65. Kf3 Ke7 0-1

[Event "*** Titled Tuesday Blitz"]
[Site "Chess.com"]
[Date "2020.12.01"]
[Round "5"]
[White "SanchezKelvin"]
[Black "chessmachine14"]
[Result "1-0"]
[WhiteElo "2480"]
[BlackElo "2245"]
[TimeControl "180+1"]
[EndTime "10:55:50 PST"]
[Termination "SanchezKelvin won on time"]

1. d4 Nf6 2. c4 g6 3. Nc3 Bg7 4. Nf3 O-O 5. e4 d6 6. Be2 e5 7.
O-O Nc6 8. d5 Ne7 9. Ne1 Nd7 10.
Nd3 f5 11. f3 Kh8 12. Be3 f4 13. Bf2 g5 14. c5 Nf6 15. cxd6 cxd6 16. Rc1 a6 17. g4 fxg3 18. hxg3 Qd7 19. Re1 Ng6 20. Bf1 g4 21. f4 exf4 22. gxf4 Nh5 23. Be3 Ngxf4 24.
Nxf4 Nxf4 25. Qd2 Nh3+ 26. Kh1 Qe8 27. Bh6 Qh5 28. Bxg7+ Kxg7 29. Bxh3 Qxh3+ 30. Qh2 Qf3+ 31. Qg2 Qxg2+ 32. Kxg2 Bd7 33. Ne2 Rf7 34. Rf1 Raf8 35. Rxf7+ Rxf7 36. Nd4 Re7 37. Rc7 Kf6 38. Rxb7 h5 39.
Nc6 Rxe4 40. Rxd7 h4 41. Rxd6+ Kf5 42. Rd8 Re2+ 43. Kg1 Rxb2 44. d6 Kf4 45. Rf8+ Kg3 46. d7 h3 47. Rb8 Rg2+ 48. Kh1 Rh2+ 49. Kg1 Rg2+ 50. Kf1 Rf2+ 51. Ke1 h2 52. Rh8 Rf8 53.
d8=Q Rxd8 54. Nxd8 Kg2 55. Ne6 h1=Q+ 56. Rxh1 Kxh1 57.
Ng5 g3 58. Nf3 Kg2 59. Ke2 Kh1 60. a4 1-0

[Event "*** Titled Tuesday Blitz"]
[Site "Chess.com"]
[Date "2020.12.01"]
[Round "5"]
[White "Quiet_Desperation"]
[Black "ViktoriyaTarasova"]
[Result "1-0"]
[WhiteElo "1675"]
[BlackElo "2279"]
[TimeControl "180+1"]
[EndTime "10:55:51 PST"]
[Termination "Quiet_Desperation won by checkmate"]

1. e4 e5 2. Nf3 Nc6 3. Bb5 Nf6 4. d3 Bc5 5. O-O Nd4 6. Nxd4 Bxd4 7. c3 Bb6 8. h3 c6 9. Bc4 d6 10. Bb3 h6 11.
Nd2 O-O 12. Nc4 Bc7 13. Ne3 Be6 14. Bxe6 fxe6 15. Qb3 Qc8 16. Nf5 Kh7 17. Ng3 a5 18.
a4 Rb8 19. f4 exf4 20. Bxf4 Nd7 21. Qxe6 Nc5 22. Qc4 b5 23. axb5 Rxb5 24. d4 Ne6 25. Bd2 Rxb2 26. Qd3 Kh8 27. Nf5 Rf6 28. d5 Nc5 29.
Qg3 Qg8 30. Bc1 Nxe4 31. Qg4 Bb6+ 32. Kh2 Rb5 33. Qxe4 Rxd5 34. Ne7 Qf7 35. Rxf6 Qxf6 36. Nxd5 cxd5 37. Qf4 Qe7 38. Bd2 Qe2 39. Re1 Qd3 40.
Re8+ Kh7 41. Qf3 Qg6 42. Rf8 Qe4 43. Qxe4+ dxe4 44. Re8 d5 45. Kg3 a4 46. Kf4 a3 47.
Ra8 a2 48. Rxa2 Bc7+ 49. Kf5 Kg8 50. Ke6 Kf8 51. Kxd5 Ke7 52. Kxe4 Kd7 53. Be3 Kc6 54. Bd4 Kd7 55. Rf2 Kc6 56. Rf7 g6 57. Rg7 Kb7 58.
Rxg6 Kc8 59. Rxh6 Kb7 60. Rg6 Kc8 61. h4 Kb7 62. h5 Kc8 63. h6 Kb7 64. h7 Kc8 65.
h8=Q+ Kb7 66. Rg7 Ka6 67. Rxc7 Kb5 68. Qb8+ Ka4 69. Ra7# 1-0

[Event "*** Titled Tuesday Blitz"]
[Site "Chess.com"]
[Date "2020.12.01"]
[Round "5"]
[White "Supernotar"]
[Black "Shuvalov"]
[Result "1-0"]
[WhiteElo "2782"]
[BlackElo "2433"]
[TimeControl "180+1"]
[EndTime "10:55:52 PST"]
[Termination "Supernotar won on time"]

1. d4 Nf6 2. c4 g6 3. Nc3 d5 4. cxd5 Nxd5 5. e4 Nxc3 6. bxc3 Bg7 7. Nf3 c5 8. Be3 Qa5 9. Qd2 Nc6 10. Rc1 cxd4 11. cxd4 Qxd2+ 12. Kxd2 O-O 13. d5 Rd8 14. Ke1 Na5 15. Bg5 Bb2 16. Rc7 f6 17. Bd2 b6 18.
Rxe7 Ba3 19. Rc7 Bd6 20. Rc1 Re8 21. Bd3 Bf5 22. Bxa5 Bxe4 23. Kd2 Bf4+ 24. Kc3 Rac8+ 25. Kd4 Bxc1 26. Bxe4 Bb2+ 27. Kd3 f5 28. Bxf5 gxf5 29. Bb4 Re4 30. Bd2 Rd8 31. Kc2 Bf6 32. Be3 Rxd5 33. Nd2 Ra4 34. Kb3 Rda5 35. Nc4 Rxa2 36. Nxa5 Rxa5 37. Rc1 Re5 38. Rc7 Re7 39. Rc6 Kf7 40. h3 Be5 41. g4 f4 42. Bd2 Rc7 43. Rh6 Kg7 44. Rh5 Kg6 45. Rxe5 Rf7 46. f3 Rd7 47. Kc2 Rd4 48. Kc3 Ra4 49. Kd3 Kf6 50. Rf5+ Ke6 51.
Rxf4 Ra3+ 52. Ke2 b5 53. Re4+ Kd5 54. g5 a5 55. h4 b4 56. Bxb4 axb4 57. Rxb4 Ra2+ 58.
Ke3 Rh2 59. Re4 Rh3 60. Kf2 Kd6 61. Kg2 1-0

[Event "*** Titled Tuesday Blitz"]
[Site "Chess.com"]
[Date "2020.12.01"]
[Round "5"]
[White "Leonid_Starozhilov"]
[Black "ChronicUnhappiness"]
[Result "1-0"]
[WhiteElo "2665"]
[BlackElo "2362"]
[TimeControl "180+1"]
[EndTime "10:55:53 PST"]
[Termination "Leonid_Starozhilov won by checkmate"]

1. e4 c5 2. Nf3 Nc6 3. Bb5 g6 4.
O-O Bg7 5. Nc3 Nf6 6. Bxc6 dxc6 7. d3 O-O 8. h3 b6 9. Nh2 e5 10. Be3 Nh5 11. Ng4 Bxg4 12. hxg4 Nf4 13. g3 Ne6 14. Kg2 h6 15. Rh1 g5 16. Qf3 Nd4 17. Bxd4 cxd4 18. Ne2 Qd7 19. Rh5 Rfe8 20. Qf5 Qxf5 21. gxf5 f6 22.
Rhh1 c5 23. c4 a6 24. Rac1 Bf8 25. f4 exf4 26. gxf4 b5 27. fxg5 hxg5 28. Ng3 bxc4 29. Rxc4 Rab8 30. b3 Rb5 31. Nf1 Rb4 32. Nd2 Rxc4 33.
bxc4 Rb8 34. Rb1 Rxb1 35. Nxb1 Kf7 36. Kf3 Bd6 37. Nd2 Ke7 38. Kg4 Kd7 39. Nf3 Kc6 40.
Kh5 Kb6 41. Kg4 Ka5 42. e5 fxe5 43. Nxg5 Kb4 44. f6 Kc3 45. Ne4+ Kxd3 46. Nxd6 e4 47.
Nxe4 Kxe4 48. f7 Kd3 49. f8=Q Kxc4 50. Qf1+ d3 51. Kf3 Kc3 52. Qc1+ Kb4 53. Ke3 c4 54. Qb2+ Kc5 55. Qd4+ Kb4 56. a3+ Kb3 57. Kd2 a5 58. Qc3+ Ka4 59. Qxc4+ Kxa3 60. Qxd3+ Kb2 61. Qc2+ Ka3 62. Qb1 a4 63. Qc1+ Ka2 64. Qc5 a3 65. Qb5 Ka1 66. Kc2 a2 67. Qb2# 1-0

[Event "*** Titled Tuesday Blitz"]
[Site "Chess.com"]
[Date "2020.12.01"]
[Round "5"]
[White "szachuspl"]
[Black "03revilo"]
[Result "0-1"]
[WhiteElo "2482"]
[BlackElo "2341"]
[TimeControl "180+1"]
[EndTime "10:55:55 PST"]
[Termination "03revilo won by resignation"]

1. d4 Nf6 2. c4 e6 3. Nf3 b6 4.
g3 Ba6 5. Qc2 c5 6. Bg2 Nc6 7.
dxc5 Bxc5 8. O-O O-O 9. a3 Be7 10. Rd1 Rc8 11. Bf4 d5 12. Nbd2 dxc4 13. Nxc4 Qe8 14. Nd6 Bxd6 15. Bxd6 Nd4 16. Nxd4 Rxc2 17. Nxc2 Qa4 18. Bxf8 Kxf8 19. Nb4 g6 20. e3 Bc4 21.
Rac1 b5 22. Rd2 a5 23. Nc6 Bd5 24. Bxd5 Nxd5 25. Nd4 b4 26. axb4 axb4 27. e4 Nf6 28. b3 Qa3 29. Re1 e5 30. Nc6 Qxb3 31. Rd6 Qc3 32.
Re3 Qc1+ 33. Kg2 Ne8 34. Rd5 Qxc6 35. Rxe5 Qd6 36. Rd5 Qb6 37. Rb3 Nf6 38. Re5 Kg7 39.
f3 Nd7 40. Rd5 Nc5 41. Rb1 b3 42. Rd2 Na4 43. Rd3 Nc5 44. Rc3 Qb5 45. Kh3 Qb4 46.
Re3 b2 47. Re2 Na4 48. Rc2 Qb3 49. Re2 Nc3 50. Rbxb2 Qe6+ 51. g4 Nxe2 52. Rxe2 Qe5 53. Kg2 Qe6 54. Rd2 h5 55. gxh5 gxh5 56. Rd5 Qg6+ 57.
Kf2 h4 58. Rf5 h3 59. Ke3 Qg1+ 60. Kf4 Qxh2+ 61. Kg4 Qg2+ 62. Kh4 h2 63. Rg5+ Qxg5+ 64. Kxg5 h1=Q 0-1

[Event "*** Titled Tuesday Blitz"]
[Site "Chess.com"]
[Date "2020.12.01"]
[Round "5"]
[White "IMVoja"]
[Black "QuintilianoR"]
[Result "1-0"]
[WhiteElo "2462"]
[BlackElo "2616"]
[TimeControl "180+1"]
[EndTime "10:55:56 PST"]
[Termination "IMVoja won on time"]

1. e4 c5 2. Nf3 d6 3. Bb5+ Nd7 4. c3 Nf6 5. d3 e6 6. Nbd2 Be7 7. O-O O-O 8. Re1 a6 9. Ba4 b5 10. Bc2 Bb7 11. Nf1 Rc8 12. Ng3 Qc7 13. h3 Rfe8 14. Bg5 h6 15. Bd2 Bf8 16. Nh2 d5 17. Ng4 dxe4 18. Nxe4 Nxg4 19. hxg4 Ne5 20. Bf4 Bxe4 21. Rxe4 Bd6 22. g5 hxg5 23. Bxg5 f5 24. Rh4 Ng6 25. Rh3 Bf4 26. Qh5 Kf7 27. Bxf4 Qxf4 28. Rg3 Qh6 29. Qxh6 gxh6 30. Bd1 Kf6 31. a4 b4 32. Bb3 Nf4 33.
Kf1 Red8 34. Bc4 e5 35. Bxa6 Rc7 36. Bc4 Rcd7 37. a5 Nxd3 38. Bxd3 Rxd3 39. Rxd3 Rxd3 40. cxb4 cxb4 41. a6 Rd8 42. a7 Ra8 43. Ra6+ Kg5 44. Ke2 h5 45. g3 h4 46. gxh4+ Kxh4 47. f3 Kg5 48. Ke3 Kh5 49. f4 e4 50. Ra5 Kg4 51. b3 Kg3 52. Rxf5 Rxa7 53. Rg5+ Kh4 54. Rb5 Ra1 55.
Kxe4 Re1+ 56. Kf5 Re8 57. Rxb4 Rf8+ 58. Ke5 Kg4 59. f5+ Kg5 60. f6 Rxf6 61. Rd4 1-0

[Event "*** Titled Tuesday Blitz"]
[Site "Chess.com"]
[Date "2020.12.01"]
[Round "5"]
[White "Zq1"]
[Black "The_Machine04"]
[Result "0-1"]
[WhiteElo "2567"]
[BlackElo "2415"]
[TimeControl "180+1"]
[EndTime "10:55:57 PST"]
[Termination "The_Machine04 won by resignation"]

1. d4 d6 2. e4 Nf6 3. Nc3 e5 4. dxe5 dxe5 5. Qxd8+ Kxd8 6. Nf3 Bd6 7. Bc4 Be6 8. Bxe6 fxe6 9. Be3 Ke7 10. h3 Nc6 11. Ke2 a6 12. a4 h6 13. Rhd1 g5 14.
g3 Raf8 15. Rd3 g4 16. Nh4 Kf7 17. Rh1 Kg7 18. Nd1 Nb4 19. Rb3 Nxc2 20. Rxb7 Rb8 21. Rxb8 Rxb8 22. Ng2 Nxe3 23. Ngxe3 gxh3 24. f3 Rb4 25.
Rxh3 Rxa4 26. Rh2 Rb4 27. Kd3 a5 28. Rc2 Nd7 29. Rc6 Nc5+ 30. Kc2 Rb6 31. Rxb6 cxb6 32. Nc3 Bc7 33. Nb5 Bd8 34. Ng4 Nd7 35. Kc3 h5 36.
Ne3 Be7 37. Kc4 Bc5 38. Ng2 Bf2 39. g4 h4 40. Nxh4 Bxh4 41. Nc7 Bf2 42. Nxe6+ Kf6 43.
Nc7 Kg5 44. Nd5 Bc5 45. Kb5 Nf6 46. Nxb6 Bxb6 47. Kxb6 Kf4 48. Kxa5 Kxf3 49. g5 Nxe4 50. g6 Nf6 51. b4 e4 52. b5 e3 53. b6 e2 54. b7 e1=Q+ 55. Kb6 Qb1+ 56. Kc7 Qc2+ 57.
Kd6 Qd3+ 58. Ke6 Qb3+ 59. Kxf6 Qxb7 60. g7 Qc6+ 61. Kf7 Qd7+ 62. Kf8 Qd8+ 63. Kf7 Qd5+ 64.
Kf8 Qf5+ 65. Ke7 Qg6 66. Kf8 Qf6+ 0-1

[Event "*** Titled Tuesday Blitz"]
[Site "Chess.com"]
[Date "2020.12.01"]
[Round "5"]
[White "igorknyazev"]
[Black "c_r_e_e_p_e_r"]
[Result "0-1"]
[WhiteElo "2079"]
[BlackElo "2313"]
[TimeControl "180+1"]
[EndTime "10:55:57 PST"]
[Termination "c_r_e_e_p_e_r won by checkmate"]

1. e4 e6 2. d4 d5 3. exd5 exd5 4. Nf3 Bd6 5. Bd3 Ne7 6. O-O O-O 7. c4 dxc4 8. Bxc4 Nbc6 9. Nc3 Bg4 10. h3 Bh5 11.
Re1 Nxd4 12. g4 Nxf3+ 13. Qxf3 Bg6 14. Qxb7 c6 15. f4 Bc5+ 16. Be3 Bxe3+ 17. Rxe3 Qd4 18. Qxe7 Rae8 19. Rd1 Qb6 20. Na4 Rxe7 21. Nxb6 Rxe3 22. Nd7 Rfe8 23. f5 Bxf5 24. gxf5 Rxh3 25. Ne5 Kf8 26. Nxc6 Rf3 27. Nd4 Rf4 28. Bb5 Rb8 29. a4 a6 30.
Nc6 Rc8 31. Na7 Ra8 32. Bxa6 Rxa7 33. Bb5 Rxf5 34. Rd8+ Ke7 35. Re8+ Kf6 36. Kg2 Rc7 37. Kg3 Re7 38. Rd8 Rfe5 39. Rd2 R5e6 40. Bc4 Re3+ 41. Kf2 R3e4 42. b3 Rf4+ 43. Kg2 Rf5 44. Rd6+ Kg5 45.
Rd3 Rfe5 46. Rg3+ Kf6 47. Rf3+ Kg6 48. Rg3+ Rg5 49. Bd3+ f5 50. Rxg5+ Kxg5 51. Kf3 f4 52. a5 Re3+ 53. Kf2 Rxd3 54. b4 Rb3 55. a6 Rxb4 56.
a7 Ra4 57. Kf3 Rxa7 58. Kg2 Ra3 59. Kh2 Kg4 60. Kg2 f3+ 61. Kf2 Ra2+ 62. Ke1 f2+ 63.
Kf1 h5 64. Kg2 h4 65. Kh2 f1=Q# 0-1

[Event "*** Titled Tuesday Blitz"]
[Site "Chess.com"]
[Date "2020.12.01"]
[Round "5"]
[White "AlexTriapishko"]
[Black "csati17"]
[Result "1-0"]
[WhiteElo "2802"]
[BlackElo "2591"]
[TimeControl "180+1"]
[EndTime "10:56:02 PST"]
[Termination "AlexTriapishko won by resignation"]

1. e4 e6 2. d4 d5 3. Bd3 Nc6 4. Nf3 Nb4 5. O-O Nxd3 6. cxd3 dxe4 7. dxe4 Nf6 8. Nc3 Be7 9. Bg5 h6 10. Bf4 a6 11. Rc1 O-O 12. h3 b5 13. d5 b4 14. Na4 Bd6 15. Bxd6 cxd6 16. dxe6 Bxe6 17. Qd4 Qa5 18. b3 Rfd8 19. Rfe1 Rab8 20. Rc6 Ne8 21. Rb6 Rxb6 22. Qxb6 Qxb6 23. Nxb6 Rb8 24. Na4 Bd7 25. Nb2 Rc8 26. Nc4 Be6 27. Nfd2 Rc5 28. f4 g6 29.
Kf2 d5 30. exd5 Rxd5 31. Ne4 Kg7 32. Ke3 Bf5 33. g4 Bxe4 34. Kxe4 Nf6+ 35. Kf3 Rd3+ 36. Re3 Rd1 37. Re7 Rd3+ 38. Kg2 Nd5 39. Rxf7+ Kxf7 40. Ne5+ Ke6 41. Nxd3 a5 42. Kf3 Nc3 43. Nc1 Kd5 44.
Ke3 Nb5 45. Ne2 g5 46. fxg5 hxg5 47. Kd3 Ke5 48. Ng3 Nc3 49. a4 Nd5 50. Nf5 Nf4+ 51. Kc4 Nxh3 52. Kb5 Nf2 53. Nh6 Kd4 54. Kxa5 Kc3 55.
Kb5 Ne4 56. a5 Nd6+ 57. Kc6 Nc8 58. Kb7 Nd6+ 59. Kc7 Nb5+ 60. Kb6 Nd6 61. Nf5 Kxb3 62. Nxd6 Kc3 63. Ne4+ Kc2 64. Nc5 1-0

[Event "*** Titled Tuesday Blitz"]
[Site "Chess.com"]
[Date "2020.12.01"]
[Round "5"]
[White "j_coca"]
[Black "Legendinunknown"]
[Result "1/2-1/2"]
[WhiteElo "2384"]
[BlackElo "2667"]
[TimeControl "180+1"]
[EndTime "10:56:02 PST"]
[Termination "Game drawn by repetition"]

1. f4 d5 2. Nf3 g6 3. e3 Bg7 4. d4 Nf6 5. Bd3 c5 6. c3 Nc6 7. Nbd2 b6 8. O-O O-O 9. Ne5 Bb7 10. Rf3 e6 11. Rh3 Nxe5 12. fxe5 Ne4 13.
Qg4 f5 14. exf6 Qxf6 15. Rf3 Qe7 16. Nxe4 Rxf3 17. gxf3 dxe4 18. Bxe4 Bxe4 19. Qxe4 Rf8 20. Qg4 Qd6 21. Bd2 e5 22. Rd1 exd4 23. cxd4 cxd4 24. Bc3 Qd5 25. Bxd4 Qxf3 26. Qxf3 Rxf3 27. Bxg7 Kxg7 28. Rd7+ Rf7 29. Rd3 Kf6 30. Kf2 Ke5+ 31. Ke2 h5 32. Rd4 g5 33. Ra4 g4 34. Rb4 Rd7 35. a4 Kf5 36. a5 Rd6 37. Rb5+ Kg6 38. axb6 axb6 39. e4 h4 40. Rf5 Rf6 41. Rb5 g3 42. hxg3 hxg3 43.
Rd5 Rf2+ 44. Ke3 Rxb2 45. Rd8 Kf7 46. Rd7+ Kf8 47. Rd8+ Kg7 48. Rd7+ Kh6 49. Rd8 Kg5 50. Rg8+ Kh4 51. e5 Rb1 52. Kf3 Rf1+ 53. Ke2 Rf5 54.
e6 Re5+ 55. Kf3 Rxe6 56. Rh8+ Kg5 57. Kxg3 Kf5 58. Kf3 Ke5 59. Ke3 Kd5+ 60. Kd3 Rg6 61. Rh5+ Kc6 62. Kc4 Kb7 63. Kb5 Rg7 64. Rf5 Rc7 65.
Rh5 Rd7 66. Rf5 Rc7 67. Rg5 Rd7 68.
Rf5 Rc7 1/2-1/2

[Event "*** Titled Tuesday Blitz"]
[Site "Chess.com"]
[Date "2020.12.01"]
[Round "5"]
[White "SlovenskiZmaj"]
[Black "IngOscarArdila"]
[Result "1/2-1/2"]
[WhiteElo "2447"]
[BlackElo "2198"]
[TimeControl "180+1"]
[EndTime "10:56:04 PST"]
[Termination "Game drawn by repetition"]

1. d4 Nf6 2. Bg5 e6 3. Nd2 Be7 4. e3 d6 5. c3 Nbd7 6. Bd3 c5 7.
f4 h6 8. Bh4 a6 9. Ngf3 b5 10.
O-O Bb7 11. Qe2 Qc7 12. e4 cxd4 13. cxd4 d5 14. e5 Ng8 15. f5 Bxh4 16. Nxh4 Ne7 17. fxe6 fxe6 18. Ng6 Nxg6 19. Bxg6+ Kd8 20. Rf7 Qb6 21. Nf3 Rf8 22. Rxg7 Rxf3 23. Qxf3 Qxd4+ 24. Kh1 Qxe5 25. Rxd7+ Kxd7 26. Qf7+ Kc6 27. Qe7 Kb6 28. a4 bxa4 29. Qb4+ Ka7 30. Qc5+ Kb8 31. Rc1 a5 32. Be8 Ra6 33. Bb5 Ra8 34. Bxa4 Qf4 35. h3 d4 36. Bc6 Qc7 37. Qf8+ Ka7 38. Qc5+ Qb6 39. Bxb7 Qxc5 40. Rxc5 Kxb7 41. Kg1 Kb6 42. Re5 Re8 43.
Kf2 Kc6 44. Ke2 Kd6 45. Rxa5 e5 46. Kd3 Rb8 47. Ke4 Rxb2 48. Ra6+ Kc5 49. Kxe5 Re2+ 50. Kf4 d3 51. Ra8 d2 52. Rd8 Rxg2 53. Ke3 Rg3+ 54.
Kxd2 Rxh3 55. Ke2 Rg3 56. Kf2 Rg6 57. Kf3 Kc6 58. Kf4 Kc7 59. Rd1 Ra6 60. Kf5 Kc8 61.
Kg4 Kc7 62. Kh5 Kc8 63. Rc1+ Kd7 64. Rg1 Ke7 65. Rg7+ Kf8 66. Rg6 Ra1 67. Kxh6 Kf7 68. Rg7+ Kf8 69. Rg5 Kf7 70. Rg7+ Kf6 71. Rg6+ Kf7 72.
Rg7+ 1/2-1/2

[Event "*** Titled Tuesday Blitz"]
[Site "Chess.com"]
[Date "2020.12.01"]
[Round "5"]
[White "ybruned"]
[Black "Bulldog167"]
[Result "0-1"]
[WhiteElo "2291"]
[BlackElo "2598"]
[TimeControl "180+1"]
[EndTime "10:56:04 PST"]
[Termination "Bulldog167 won on time"]

1. Nf3 g5 2. Nxg5 e5 3. Nf3 e4 4.
Ng1 d5 5. d3 f5 6. g3 Bg7 7.
Bg2 Nc6 8. c3 Be6 9. Nh3 Nf6 10.
d4 Ne7 11. Bg5 Ng6 12. Bxf6 Qxf6 13. e3 h5 14. Nd2 h4 15. Qe2 O-O-O 16. O-O-O Kb8 17.
Kb1 Rd6 18. Rc1 Ra6 19. Rhd1 Rc8 20. Nb3 Bf8 21. Nf4 Nxf4 22. exf4 Bd7 23. Nc5 Bxc5 24. dxc5 Ra5 25. Qe3 Bb5 26. Bf1 Bxf1 27. Rxf1 Qa6 28. a3 Qc4 29. Rfd1 c6 30. Rd4 Qxc5 31. Rb4 Qxe3 32.
fxe3 hxg3 33. hxg3 Rg8 34. Rg1 c5 35. Rb3 c4 36.
Rb4 Kc7 37. Kc2 Rc5 38. b3 a5 39. Ra4 b6 40. b4 Rc6 41. bxa5 b5 42. Rb4 Rc5 43. a4 bxa4 44. Rxa4 Kb7 45. a6+ Ka7 46. Rb1 Rc7 47. Ra5 Rxg3 48. Rb7+ Rxb7 49. axb7+ Kxb7 50. Rxd5 Rxe3 51. Rxf5 Kc6 52. Re5 Kd6 53. Re8 Kd5 54. f5 Rf3 55. Rd8+ Ke5 56. Re8+ Kf4 57. f6 Ke3 58. f7 Rf2+ 59. Kd1 Rxf7 60. Rh8 Rf1+ 61.
Kc2 Rf2+ 0-1

[Event "*** Titled Tuesday Blitz"]
[Site "Chess.com"]
[Date "2020.12.01"]
[Round "5"]
[White "anon481216"]
[Black "Natalya_Buksa"]
[Result "1/2-1/2"]
[WhiteElo "2406"]
[BlackElo "2573"]
[TimeControl "180+1"]
[EndTime "10:56:05 PST"]
[Termination "Game drawn by repetition"]

1. d4 d5 2. c4 e6 3. Nf3 Nf6 4. Nc3 Be7 5. Bg5 O-O 6. e3 h6 7. Bh4 Ne4 8. Bxe7 Qxe7 9. Rc1 c6 10. Bd3 Nxc3 11. Rxc3 dxc4 12. Bxc4 Nd7 13. Qc2 b6 14. O-O c5 15. dxc5 Nxc5 16. b4 Nd7 17. a3 Bb7 18. Nd4 Rac8 19. Rc1 Ne5 20. Be2 Rxc3 21. Qxc3 Rc8 22.
Qd2 Rxc1+ 23. Qxc1 g6 24. f3 Qd6 25. Qc3 h5 26. e4 h4 27. Nb5 Qb8 28. Nxa7 Nxf3+ 29. gxf3 Qxa7 30. Qc7 h3 31. Kf1 b5 32. Bxb5 Qxa3 33. Qxb7 Qxf3+ 34. Ke1 Qe3+ 35. Be2 Qg1+ 36. Kd2 Qxh2 37.
Qc8+ Kh7 38. Qc3 Qd6+ 39. Kc2 h2 40. Qh3+ Kg7 41. Bd3 Qc7+ 42. Kb3 Qf4 43. Bf1 Qxe4 44. Qxh2 Qf3+ 45. Ka4 Qxf1 46. b5 Qa1+ 47. Kb4 g5 48. b6 g4 49. Kc5 Qc3+ 50. Kd6 g3 51. Qg2 f5 52. b7 Qb3 53. Kc7 Qc3+ 54. Kd7 Qd4+ 55.
Kxe6 Qf6+ 56. Kd7 Qf7+ 57. Kc8 Qf8+ 58. Kc7 Qe7+ 59. Kb6 Qb4+ 60. Ka7 Qa5+ 61. Kb8 f4 62. Kc8 Qf5+ 63. Kc7 Qe5+ 64. Kc8 Qc5+ 65. Kd7 Qb4 66. Kc7 Qc3+ 67. Kd7 Qe5 68. Kc8 Qf5+ 69. Kc7 Qe5+ 70. Kc8 1/2-1/2